 Dungeon Crawl Stone Soup version 0.16-a0-621-gdc21f72 (webtiles) character file.

449 Bloax the Insei (level 7, -8/32 HPs)
             Began as a Vine Stalker Transmuter on Sept 16, 2014.
             Mangled by Prince Ribbit (10 damage)
             ... on Level 6 of the Dungeon.
             The game lasted 00:05:37 (1066 turns).

Bloax the Insei (Vine Stalker Transmuter)           Turns: 1066, Time: 00:05:37

HP  -8/32        AC  6     Str 14      XL: 7   Next:  4%
MP   0/38        EV  9     Int 13      God:
Gold 44          SH  0     Dex 15      Spells:  1 memorised, 15 levels left

rFire  . . .     SeeInvis .       - Unarmed
rCold  . . .     Clarity  .     k - +1 ring mail
rNeg   . . .     rCorr    .     (no shield)
rPois  .         rRot     +     (no helmet)
rElec  .         Spirit   +     (no cloak)
SustAb .         Warding  .     (no gloves)
rMut   .         Stasis   .     (no boots)
Gourm  .                        (no amulet)
MR     .....                    l - ring of magical power
                                i - ring of magical power

@: not resistant to hostile enchantments, very unstealthy
A: fangs 2, regeneration 2, magic shield, antimagic bite, no device heal 3, rot
immunity
a: no special abilities


You were on level 6 of the Dungeon.
You were not hungry.

You visited 1 branch of the dungeon, and saw 6 of its levels.

You collected 44 gold pieces.


Innate Abilities, Weirdness & Mutations

You have extremely sharp teeth.
You heal very quickly.
When hurt, damage is shared between your health and your magic reserves.
Your bite disrupts and absorbs the magic of your enemies.
Potions and wands cannot restore your health.
You are immune to rotting.


   Skills:
 - Level 0.8 Fighting
 - Level 1.5 Dodging
 + Level 5.9 Unarmed Combat
 + Level 5.3 Spellcasting
 - Level 2.0 Transmutations


You had 15 spell levels left.
You knew the following spells:

 Your Spells              Type           Power        Failure   Level  Hunger
a - Beastly Appendage     Trmt           #.....       12%         1    None


Dungeon Overview and Level Annotations

Branches:
Dungeon (6/15)
 Temple: D:4-7

Altars:
Nemelex Xobeh

Annotations:
D:6 Prince Ribbit

Inventory:

Missiles
 b - 35 arrows
Armour
 k - a +1 ring mail (worn)
   (You found it on level 2 of the Dungeon)
Comestibles
 a - a bread ration
 n - a fruit
 o - a meat ration
Scrolls
 c - a scroll of teleportation
 e - a scroll of recharging {unknown}
 g - a scroll of fog
Jewellery
 i - a ring of magical power (left hand)
   (You found it on level 1 of the Dungeon)
 l - a ring of magical power (right hand)
   (You found it on level 2 of the Dungeon)
Potions
 f - 2 potions of curing
 m - a potion of berserk rage {unknown}
 p - a potion of brilliance {unknown}
Books
 d - a book of Changes

   Spells                             Type                      Level
   *Beastly Appendage                 Transmutation                1
   Sticks to Snakes                   Transmutation                2
   Spider Form                        Transmutation/Poison         3
   Ice Form                           Ice/Transmutation            4
   Blade Hands                        Transmutation                5

#.. #.. #.#
#.# #.# #.#
#.# #.# #@#
###F# #.FB#
#(########
#....F.....
#..#.#######
#.....B....#
####Y#.###.#
#YK..K#....<#


You could see a goliath beetle, Prince Ribbit and a giant frog.


Message History

The sky beast hits you but does no damage.
You hit the sky beast.
The sky beast is moderately wounded.
The sky beast hits you but does no damage.
You hit the sky beast. You bite the sky beast. You drain its power.
You feel invigorated.
The sky beast is severely wounded.
Your transformation is almost over.
The sky beast closely misses you.
You punch the sky beast! You bite the sky beast. You drain its power.
You feel invigorated.
You kill the sky beast!
You have reached level 7!
Prince Ribbit hits you but does no damage.
You miss Prince Ribbit.
Prince Ribbit is moderately wounded.
Prince Ribbit blinks!
Unknown command.
You closely miss the giant frog.
The giant frog hits you but does no damage. x2
You punch the giant frog!
The giant frog is moderately wounded.
The giant frog hits you but does no damage.
You barely miss the giant frog. You headbutt the giant frog.
The giant frog is heavily wounded.
The giant frog hits you but does no damage.
You barely miss the giant frog.
The giant frog is heavily wounded.
Your horns disappear.
The giant frog hits you.
* * * LOW HITPOINT WARNING * * *
The giant frog hits you.
* * * LOW HITPOINT WARNING * * *
You hit the giant frog.
The giant frog is heavily wounded.
The giant frog misses you.
Unknown command.
You closely miss the giant frog.
The giant frog is heavily wounded.
Unknown command.
You miss Prince Ribbit.
Prince Ribbit is moderately wounded.
Prince Ribbit hits you but does no damage.
Unknown command.
Drink which item? (? for menu, Esc to quit)
Okay, then.
You miss Prince Ribbit.
Prince Ribbit is moderately wounded.
Prince Ribbit hits you!
* * * LOW HITPOINT WARNING * * *
Unknown command.
Drink which item? (? for menu, Esc to quit)
You feel refreshed.
It was a potion of restore abilities.
Prince Ribbit misses you. Prince Ribbit barely misses you.
You miss Prince Ribbit. You bite Prince Ribbit.
Prince Ribbit's magic leaks into the air.
You drain his magic.
You feel invigorated.
Prince Ribbit is heavily wounded.
Prince Ribbit hits you!
* * * LOW HITPOINT WARNING * * *
Unknown command.
You closely miss Prince Ribbit.
Prince Ribbit is heavily wounded.
Prince Ribbit hits you!
* * * LOW HITPOINT WARNING * * *
Unknown command.
Drink which item? (? for menu, Esc to quit)
It has a very clean taste.
It was a potion of cure mutation.
Prince Ribbit hits you!
You die...

Action                   |  1- 3 |  4- 6 |  7- 9 || total
-------------------------+-------+-------+-------++-------
Melee: Unarmed           |    58 |   116 |    11 ||   185
 Cast: Beastly Appendage |     1 |     3 |       ||     4
  Use: Scroll            |       |     5 |       ||     5
       Potion            |       |       |     2 ||     2
  Eat: Bread ration      |     1 |       |       ||     1

Vault maps used:
D:1:      lightli_arrival_statue_moat, nemelex_deck
D:2:      first_bread
D:4:      minmay_temple_entry_fiery, uniq_natasha
D:6:      serial_shops, nicolae_shop_competitors_out_of_business,
          kennysheep_little_box, uniq_prince_ribbit1

Notes
Turn   | Place    | Note
--------------------------------------------------------------
     0 | D:1      | Bloax, the Vine Stalker Transmuter, began the quest for the Orb.
     0 | D:1      | Reached XP level 1. HP: 9/9 MP: 3/3
    45 | D:1      | Found a sparkling altar of Nemelex Xobeh.
    73 | D:1      | Reached XP level 2. HP: 14/14 MP: 6/6
   218 | D:2      | Reached XP level 3. HP: 6/17 MP: 7/7
   226 | D:2      | HP: 4/17 [poisoned by an adder]
   233 | D:2      | HP: 4/17 [poisoned by an adder]
   240 | D:2      | HP: 4/17 [poisoned by an adder]
   314 | D:2      | wow
   349 | D:3      | oh no
   349 | D:3      | THE FUN POLICE
   375 | D:3      | Reached skill level 3 in Spellcasting
   377 | D:3      | Reached skill level 4 in Unarmed Combat
   386 | D:3      | Reached XP level 4. HP: 12/21 MP: 10/10
   398 | D:3      | haha eat shit
   409 | D:3      | Noticed Bloax's ghost (weakling VSTm)
   416 | D:3      | Killed Bloax's ghost
   645 | D:5      | Entered Level 5 of the Dungeon
   646 | D:5      | jesus fuck that layout
   672 | D:5      | Reached XP level 5. HP: 19/25 MP: 14/14
   719 | D:5      | Reached skill level 4 in Spellcasting
   763 | D:5      | Reached skill level 5 in Unarmed Combat
   763 | D:5      | Gained mutation: You heal very quickly. [vine stalker growth]
   763 | D:5      | Reached XP level 6. HP: 26/29 MP: 17/17
   892 | D:5      | Noticed a sky beast
   904 | D:5      | Killed a sky beast
   904 | D:5      | Reached skill level 5 in Spellcasting
  1030 | D:6      | Noticed Prince Ribbit
  1051 | D:6      | Reached XP level 7. HP: 9/32 MP: 12/20
  1062 | D:6      | HP: 7/32 [Prince Ribbit (6)]
  1065 | D:6      | HP: 2/32 [Prince Ribbit (4)]
  1066 | D:6      | Mangled by Prince Ribbit

Vanquished Creatures
  2 sky beasts
  A scorpion (D:5)
  A hound (D:5)
  A centaur skeleton (D:4)
  A giant frog skeleton (D:5)
  A worker ant (D:5)
  A hound zombie (D:5)
  The ghost of Bloax the Ruffian, a weakling VSTm (D:3)
  2 adders (D:2)
  3 gnolls (D:3)
  A giant gecko (D:5)
  An ooze (D:5)
  An orc (D:5)
  2 bats
  3 goblins
  2 hobgoblins
  5 kobolds
  A giant cockroach (D:3)
  A giant newt (D:1)
  A hobgoblin zombie (D:5)
  4 rats
  A rat skeleton (D:4)
37 creatures vanquished.
